 Dungeon Crawl Stone Soup version 0.30.0-20-g3615ddf2f0 (webtiles) character file.

Game seed: 18031138990347141162

8735 qw the Cleaver (level 11, -6/71 HPs)
             Began as a Gargoyle Fighter on May 27, 2023.
             Was an Elder of Okawaru.
             Mangled by a death yak (7 damage)
             ... on level 11 of the Dungeon.
             The game lasted 00:04:32 (8037 turns).

qw the Cleaver (Gargoyle Fighter)                   Turns: 8037, Time: 00:04:32

Health: -6/71      AC: 29    Str: 25    XL:     11   Next: 35%
Magic:  14/15      EV: 12    Int:  8    God:    Okawaru [****..]
Gold:   373        SH:  7    Dex: 15    Spells: 10/10 levels left

rFire   + . .        Y - +3 war axe
rCold   + . .        c - +0 buckler
rNeg    + . .        w - +2 chain mail {rF+}
rPois   inf          l - +1 helmet
rElec   +            x - +0 cloak
rCorr   .            z - +0 pair of gloves
SInv    +            v - +0 pair of boots
Will    .....        p - amulet of Equilibrium {Acrobat +Blink SInv} Stlth
                     q - +6 ring of dexterity
HPRegen 0.31/turn    A - ring of protection from cold
MPRegen 0.14/turn

%: acrobat
@: about to teleport, heroic
A: sickness immunity, AC +8, negative energy resistance 1, electricity
resistance, torment resistance 1, petrification resistance
a: Renounce Religion, Evoke Blink, Heroism, Finesse


You were on level 11 of the Dungeon.
You worshipped Okawaru.
Okawaru was greatly pleased with you.
You visited 2 branches of the dungeon, and saw 12 of its levels.
You also visited: Ossuary.

You collected 710 gold pieces.
You spent 337 gold pieces at shops.


Innate Abilities, Weirdness & Mutations

You are immune to sickness and miasma.
Your stone body is resilient. (AC +8)
You are immune to poison.
You resist negative energy. (rN+)
You are resistant to electric shocks. (rElec)
You are resistant to unholy torment.
You are immune to petrification.


   Skills:
 - Level 9.0(14.0) Fighting
 + Level 11.3(16.3) Axes
 - Level 1.1(6.1) Throwing
 - Level 7.0(12.0) Armour
 - Level 3.4(8.4) Dodging
 - Level 5.1(10.1) Shields
 + Level 5.8 Invocations


You had 10 spell levels left.
You didn't know any spells.
Your spell library was empty.

Inventory:

Hand Weapons
 y - the +10 mace "Poib" {flame, rC+ Will+}
   (You found it on level 5 of the Dungeon)

   rC:        It protects you from cold.
   Will:      It increases your willpower.
 Y - a +3 war axe (weapon)
Missiles
 a - 4 boomerangs (quivered)
Armour
 c - a +0 buckler (worn)
 l - a +1 helmet (worn)
 s - a +0 plate armour
 v - a +0 pair of boots (worn)
 w - a +2 chain mail of fire resistance (worn)
 x - a +0 cloak (worn)
 z - a +0 pair of gloves (worn)
Jewellery
 p - the amulet of Equilibrium (around neck) {Acrobat +Blink SInv}
   (You found it on level 3 of the Dungeon)

   [amulet of the acrobat]

   It increases your evasion while moving and waiting.
   SInv:      It lets you see invisible.
   +Blink:    It lets you blink.
 q - a +6 ring of dexterity (left hand)
 r - an amulet of regeneration
 A - a ring of protection from cold (right hand)
Wands
 j - a wand of digging (15)
Scrolls
 g - 3 scrolls of teleportation
 m - a scroll of identify
Potions
 b - 2 potions of mutation
 d - 4 potions of might
 e - 3 potions of attraction
 f - 2 potions of cancellation
 h - 3 potions of heal wounds
 n - 3 potions of curing
 o - a potion of resistance
 t - a potion of haste
 u - 2 potions of lignification

Dungeon Overview and Level Annotations

Branches:
Dungeon (11/15)            Temple (1/1) D:6             Orc (0/2) D:10
Ossuary (visited)
   Lair: D:8-11

Altars:
Ashenzari
Cheibriados
Dithmenos
Elyvilon
Fedhas
Gozag
Hepliaklqana
Kikubaaqudgha
Makhleb
Nemelex Xobeh
Okawaru
Qazlal
Ru
Sif Muna
Trog
Uskayaw
Vehumet
Wu Jian
Xom
Yredelemnul
Zin
The Shining One

Shops:
D:5 [

Annotations:
D:10 2 transporters, qw's ghost, journeyman GrFi


Message History

The death yak gores you. You block the death yak's attack.
The death yak gores you but does no damage.
You hit the death yak but do no damage.
The death yak is severely wounded.
You hit the wraith. You slash the death yak! You hit the death yak.
You slash the death yak!
The death yak is almost dead.
You hit the wraith but do no damage.
You hit the death yak but do no damage. x2
The death yak completely misses you. The wraith hits you but does no damage.
The death yak gores you! x2
A rat comes into view.
You hit the death yak but do no damage.
The death yak is almost dead.
You slash the wraith! You hit the death yak. You barely miss the death yak.
The death yak gores you but does no damage.
You block the wraith's attack. The death yak barely misses you.
You hit the death yak but do no damage.
The death yak is almost dead.
You hit the wraith. You hit the yak but do no damage.
You hit the death yak but do no damage. You slash the death yak!
The wraith closely misses you. You block the death yak's attack.
The death yak gores you but does no damage.
You hit the death yak.
The death yak is almost dead.
You hit the wraith but do no damage. You hit the death yak but do no damage.
You hit the yak. You slash the death yak!
You kill the death yak!
Okawaru is honoured by your kill. Okawaru grants you throwing weapons!
Something appears at your feet!
You hit the death yak but do no damage.
The death yak is almost dead.
You barely miss the wraith. You slash the death yak!
You hit the yak but do no damage. The yak gores you.
The wraith closely misses you. The death yak gores you!
8037 ||| READING 4 scrolls of teleportation.
As you read the scroll of teleportation, it crumbles to dust.
You feel strangely unstable. You block the yak's attack.
The death yak gores you. The wraith closely misses you.
The death yak gores you!
You die...

#........#...../.....##.
#........#........##.##.
#........#).......##.##.
#............###..##.##.
........##...# #..##....
........##...# #..##.<..
#.......##...# #..##....
#.....W.##...# #..##.##.
#.....Y@##...# ... #.
#.....YY##...# .... #.
#......Y##...# ..... #.
........# ..... #.
...r..... #.....
......... .........
..........


You could see 2 death yaks, 2 yaks, a wraith and a rat.

Vanquished Creatures
  A death yak (D:11)
  Maurice (D:9)
  Joseph (D:7)
  An unseen horror (D:11)
  2 trolls (D:10)
  A hornet (D:6)
  A wyvern (D:8)
  16 yaks
  2 steam dragons
  2 vampire mosquitoes (D:11)
  Duvessa (D:5)
  2 water moccasins
  3 ice beasts
  A sky beast (D:7)
  An ogre (D:7)
  An orc warrior (D:9)
  4 centaurs
  4 elf zombies (Ossuary)
  2 kobold brigands (D:7)
  Blork the orc (D:5)
  5 bullfrogs
  A gnoll sergeant (D:9)
  3 scorpions
  4 wights (D:9)
  Dowan (D:5)
  9 killer bees
  2 centaur zombies (Ossuary)
  A hound (D:5)
  4 orc priests
  4 sleepcaps
  6 orc wizards
  2 mummies (Ossuary)
  7 gnolls
  10 adders
  4 ufetubi
  An adder zombie (Ossuary)
  2 worms
  A dart slug (D:1)
  15 orcs
  10 endoplasms
  2 giant cockroaches
  6 goblins
  3 hobgoblins
  4 jackals (D:2)
  3 quokkas
  4 ball pythons
  8 bats
  2 frilled lizards
  A goblin zombie (Ossuary)
  7 hobgoblin zombies (Ossuary)
  22 kobolds
  13 kobold zombies (Ossuary)
  8 orc zombies (Ossuary)
  10 rats
  A rat zombie (Ossuary)
234 creatures vanquished.

Notes
Turn   | Place    | Note
-------+----------+-------------------------------------------
     0 | D:1      | qw the Gargoyle Fighter began the quest for the Orb.
     0 | D:1      | Reached XP level 1. HP: 14/14 MP: 1/1
     0 | D:1      | 0 ||| qw: Version: 0.2-a-100-g3d2c45e
     0 | D:1      | 0 ||| qw: Game counter: 197
     0 | D:1      | 0 ||| qw: Always use a shield: true
     0 | D:1      | 0 ||| qw: God list: Okawaru
     0 | D:1      | 0 ||| qw: Allow faded altars: false
     0 | D:1      | 0 ||| qw: Do Orc after D:15 true
     0 | D:1      | 0 ||| qw: Do second Lair branch before Depths: true
     0 | D:1      | 0 ||| qw: Lair rune preference: random
     0 | D:1      | 0 ||| qw: Plans: Normal, Zot:1-4, God:TSO, Crypt, Tomb,
                  | Pan, Slime:5, Hells, Abyss, Win
     0 | D:1      | 0 ||| PLANNING D:1-11
    84 | D:1      | Reached skill level 2 in Axes
   219 | D:1      | 219 ||| Stepping ~*~*~tactically~*~*~ (hiding).
   228 | D:1      | 228 ||| FLEEEEING.
   229 | D:1      | 229 ||| FLEEEEING.
   232 | D:1      | Reached XP level 2. HP: 18/19 MP: 2/2
   315 | D:1      | 315 ||| Stepping ~*~*~tactically~*~*~ (stealth).
   326 | D:1      | 326 ||| Stepping ~*~*~tactically~*~*~ (stealth).
   329 | D:1      | 329 ||| Stepping ~*~*~tactically~*~*~ (stealth).
   383 | D:1      | You fall into a shaft and drop 1 floor!
   386 | D:2      | 386 ||| Stepping ~*~*~tactically~*~*~ (hiding).
   540 | D:2      | 540 ||| DROPPING +0 club.
   631 | D:2      | 631 ||| DROPPING +0 mace.
   650 | D:2      | Reached skill level 3 in Axes
   657 | D:2      | Reached XP level 3. HP: 23/23 MP: 3/3
   660 | D:2      | 660 ||| UPGRADING to +0 chain mail.
   670 | D:2      | 670 ||| DROPPING +0 scale mail.
   671 | D:2      | 671 ||| READING scroll labelled FATHRU KUDA.
   672 | D:2      | 672 ||| READING scroll labelled AWKU NANON.
   673 | D:2      | 673 ||| READING 2 scrolls labelled XOOLOBR EVVE.
   677 | D:2      | 677 ||| FLEEEEING.
   678 | D:2      | 678 ||| STAIRDANCE
   787 | D:1      | 787 ||| Stepping ~*~*~tactically~*~*~ (hiding).
   823 | D:1      | 823 ||| Stepping ~*~*~tactically~*~*~ (stealth).
   824 | D:1      | 824 ||| Stepping ~*~*~tactically~*~*~ (stealth).
   828 | D:1      | 828 ||| Stepping ~*~*~tactically~*~*~ (hiding).
  1170 | D:1      | 1170 ||| READING scroll labelled NITWE NIERORE.
  1220 | D:2      | 1220 ||| STAIRDANCE
  1257 | D:2      | 1257 ||| Stepping ~*~*~tactically~*~*~ (stealth).
  1355 | D:2      | 1355 ||| Stepping ~*~*~tactically~*~*~ (stealth).
  1360 | D:2      | 1360 ||| Stepping ~*~*~tactically~*~*~ (stealth).
  1364 | D:2      | Reached XP level 4. HP: 27/28 MP: 4/4
  1380 | D:2      | Reached skill level 4 in Axes
  1517 | D:2      | 1517 ||| UPGRADING to +0 helmet.
  1522 | D:2      | 1522 ||| READING scroll labelled ROTEIQ ERUO.
  1523 | D:2      | 1523 ||| READING scroll labelled EMEUSI JOVAV NIPA.
  1524 | D:2      | 1524 ||| READING scroll labelled DOARYI ITSOETY.
  1525 | D:2      | 1525 ||| READING scroll labelled RAIRIXTAUDYT.
  1526 | D:2      | 1526 ||| READING scroll labelled TUCUCSUR WIE.
  1555 | D:3      | 1555 ||| Stepping ~*~*~tactically~*~*~ (stealth).
  1558 | D:3      | 1558 ||| Stepping ~*~*~tactically~*~*~ (hiding).
  1574 | D:3      | Reached XP level 5. HP: 16/32 MP: 5/5
  1673 | D:3      | 1673 ||| Stepping ~*~*~tactically~*~*~ (stealth).
  1680 | D:3      | 1680 ||| Stepping ~*~*~tactically~*~*~ (hiding).
  1789 | D:3      | 1789 ||| Stepping ~*~*~tactically~*~*~ (stealth).
  1959 | D:3      | 1959 ||| READING scroll of enchant weapon.
  1959 | D:3      | 1959 ||| ENCHANTING +1 war axe.
  1996 | D:3      | 1996 ||| Stepping ~*~*~tactically~*~*~ (hiding).
  1997 | D:3      | 1997 ||| Stepping ~*~*~tactically~*~*~ (hiding).
  2000 | D:3      | 2000 ||| Stepping ~*~*~tactically~*~*~ (hiding).
  2001 | D:3      | 2001 ||| Stepping ~*~*~tactically~*~*~ (hiding).
  2008 | D:3      | 2008 ||| Stepping ~*~*~tactically~*~*~ (stealth).
  2011 | D:3      | 2011 ||| Stepping ~*~*~tactically~*~*~ (stealth).
  2025 | D:3      | Found an ornate altar of the Wu Jian Council.
  2080 | D:3      | Identified the amulet of Equilibrium {Acrobat +Blink SInv}
  2121 | D:3      | 2121 ||| Stepping ~*~*~tactically~*~*~ (stealth).
  2197 | D:3      | 2197 ||| DROPPING amulet of faith.
  2198 | D:3      | 2198 ||| UPGRADING to amulet of Equilibrium {Acrobat +Blink
                  | SInv}.
  2203 | D:3      | 2203 ||| UPGRADING to +6 ring of dexterity.
  2204 | D:3      | 2204 ||| READING scroll labelled CONAWE VENLIEC.
  2379 | D:4      | Found a shimmering altar of Xom.
  2487 | D:4      | 2487 ||| Stepping ~*~*~tactically~*~*~ (stealth).
  2614 | D:4      | 2614 ||| Stepping ~*~*~tactically~*~*~ (stealth).
  2620 | D:4      | Reached skill level 1 in Dodging
  2620 | D:4      | Reached XP level 6. HP: 30/37 MP: 6/6
  2659 | D:4      | Reached skill level 5 in Axes
  2910 | D:4      | Found a bloodstained altar of Trog.
  2920 | D:4      | Found an ancient bone altar of Kikubaaqudgha.
  3015 | D:4      | 3015 ||| READING 2 scrolls of identify.
  3015 | D:4      | 3015 ||| IDENTIFYING metallic dark potion
  3026 | D:5      | Entered Level 5 of the Dungeon
  3135 | D:5      | Identified the +9 dagger of Misery {heavy, rCorr Dex+2}
  3253 | D:5      | Noticed Duvessa
  3254 | D:5      | Noticed Dowan
  3265 | D:5      | Killed Duvessa
  3271 | D:5      | HP: 9/38 [Dowan/shard of ice (10)]
  3272 | D:5      | 3272 ||| READING scroll of teleportation.
  3273 | D:5      | Killed Dowan
  3274 | D:5      | Reached skill level 6 in Axes
  3274 | D:5      | Reached XP level 7. HP: 11/43 MP: 7/7
  3332 | D:5      | 3332 ||| Stepping ~*~*~tactically~*~*~ (stealth).
  3344 | D:5      | 3344 ||| Stepping ~*~*~tactically~*~*~ (stealth).
  3348 | D:5      | 3348 ||| Stepping ~*~*~tactically~*~*~ (stealth).
  3485 | D:5      | Found Mech's Armour Emporium.
  3497 | D:5      | Noticed Blork the orc
  3511 | D:5      | Killed Blork the orc
  3577 | D:5      | 3577 ||| BUYING +0 pair of boots (58 gold).
  3577 | D:5      | Bought a +0 pair of boots for 58 gold pieces
  3577 | D:5      | 3577 ||| BUYING +2 chain mail of fire resistance (279
                  | gold).
  3577 | D:5      | Bought a +2 chain mail of fire resistance for 279 gold
                  | pieces
  3577 | D:5      | 3577 ||| SHOPLISTING +3 scale mail of cold resistance (338
                  | gold, have 30).
  3631 | D:5      | Identified the +10 mace "Poib" {flame, rC+ Will+}
  3633 | D:5      | 3633 ||| DROPPING +0 flail.
  3900 | D:5      | 3900 ||| UPGRADING to +0 plate armour.
  3910 | D:5      | 3910 ||| DROPPING +0 chain mail.
  3911 | D:5      | 3911 ||| UPGRADING to +0 pair of boots.
  3916 | D:5      | 3916 ||| UPGRADING to +2 chain mail of fire resistance.
  3926 | D:5      | 3926 ||| DRINKING 2 bubbling yellow potions.
  3927 | D:5      | 3927 ||| DRINKING 2 bubbling green potions.
  3928 | D:5      | 3928 ||| READING 3 scrolls of identify.
  3928 | D:5      | 3928 ||| IDENTIFYING lumpy yellow potion
  3929 | D:5      | 3929 ||| READING 2 scrolls of identify.
  3929 | D:5      | 3929 ||| IDENTIFYING amethyst potion
  3930 | D:5      | 3930 ||| DROPPING potion of flight.
  3950 | D:6      | 3950 ||| PLANNING OSSUARY
  3962 | D:6      | Found a staircase to the Ecumenical Temple.
  4018 | D:6      | Reached skill level 7 in Axes
  4077 | D:6      | Reached XP level 8. HP: 38/48 MP: 8/8
  4134 | D:6      | Found a sand-covered staircase.
  4138 | Ossuary  | Entered an ossuary
  4203 | Ossuary  | 4203 ||| FLEEEEING.
  4204 | Ossuary  | 4204 ||| FLEEEEING.
  4205 | Ossuary  | 4205 ||| FLEEEEING.
  4206 | Ossuary  | 4206 ||| FLEEEEING.
  4216 | Ossuary  | Reached skill level 1 in Throwing
  4239 | Ossuary  | Reached skill level 8 in Axes
  4443 | Ossuary  | 4443 ||| DRINKING 3 lumpy purple potions.
  4444 | Ossuary  | 4444 ||| DRINKING 2 murky dark potions.
  4445 | Ossuary  | 4445 ||| DROPPING 2 potions of magic.
  4459 | D:6      | 4459 ||| PLANNING TEMPLE
  4478 | Temple   | Entered the Ecumenical Temple
  4631 | Temple   | 4631 ||| PLANNING OKAWARU WORSHIP
  4649 | Temple   | Became a worshipper of Warmaster Okawaru
  4649 | Temple   | 4649 ||| PLANNING D:1-11
  4668 | D:6      | Noticed a hornet
  4689 | D:6      | HP: 12/49 [hornet (3)]
  4690 | D:6      | 4690 ||| READING scroll of teleportation.
  4691 | D:6      | 4691 ||| DRINKING 3 potions of heal wounds.
  4692 | D:6      | Killed a hornet
  4791 | D:6      | 4791 ||| Stepping ~*~*~tactically~*~*~ (hiding).
  4792 | D:6      | 4792 ||| Stepping ~*~*~tactically~*~*~ (hiding).
  4793 | D:6      | 4793 ||| Stepping ~*~*~tactically~*~*~ (hiding).
  4794 | D:6      | 4794 ||| Stepping ~*~*~tactically~*~*~ (hiding).
  4801 | D:6      | 4801 ||| Stepping ~*~*~tactically~*~*~ (stealth).
  4802 | D:6      | 4802 ||| Stepping ~*~*~tactically~*~*~ (stealth).
  4969 | D:6      | Reached * piety under Okawaru
  4970 | D:6      | Reached skill level 6 in Fighting
  4970 | D:6      | Reached XP level 9. HP: 56/56 MP: 9/9
  4981 | D:6      | 4981 ||| Stepping ~*~*~tactically~*~*~ (stealth).
  5053 | D:6      | 5053 ||| UPGRADING to +0 cloak.
  5074 | D:7      | Reached skill level 1 in Invocations
  5088 | D:7      | Found a sparkling altar of Nemelex Xobeh.
  5134 | D:7      | 5134 ||| INVOKING Heroism.
  5161 | D:7      | Found a glowing golden altar of the Shining One.
  5177 | D:7      | 5177 ||| INVOKING Heroism.
  5182 | D:7      | Reached skill level 3 in Invocations
  5182 | D:7      | 5182 ||| Stepping ~*~*~tactically~*~*~ (stealth).
  5211 | D:7      | 5211 ||| INVOKING Heroism.
  5239 | D:7      | Noticed Joseph
  5240 | D:7      | Reached skill level 9 in Axes
  5254 | D:7      | Killed Joseph
  5254 | D:7      | Reached ** piety under Okawaru
  5628 | D:7      | Identified the +6 trident of Destiny {elec, Str+3}
  5695 | D:7      | 5695 ||| READING 2 scrolls labelled YRIDIE FEETOLE.
  5696 | D:7      | 5696 ||| READING scroll of enchant armour.
  5696 | D:7      | 5696 ||| ENCHANTING +0 helmet.
  5697 | D:7      | 5697 ||| DRINKING 2 emerald potions.
  5917 | D:8      | Reached XP level 10. HP: 57/63 MP: 13/13
  5937 | D:8      | Found a hazy altar of Hepliaklqana.
  6076 | D:8      | 6076 ||| READING scroll of enchant weapon.
  6076 | D:8      | 6076 ||| ENCHANTING +2 war axe.
  6168 | D:8      | 6168 ||| UPGRADING to +0 pair of gloves.
  6173 | D:8      | 6173 ||| DROPPING amulet of magic regeneration.
  6174 | D:8      | 6174 ||| DROPPING ring of wizardry.
  6175 | D:8      | 6175 ||| READING 3 scrolls of identify.
  6175 | D:8      | 6175 ||| IDENTIFYING glowing silvery potion
  6176 | D:8      | 6176 ||| READING 2 scrolls of identify.
  6176 | D:8      | 6176 ||| IDENTIFYING brown potion
  6177 | D:8      | 6177 ||| DROPPING potion of degeneration.
  6178 | D:8      | 6178 ||| DROPPING potion of invisibility.
  6243 | D:9      | 6243 ||| FLEEEEING.
  6244 | D:9      | 6244 ||| FLEEEEING.
  6245 | D:9      | 6245 ||| FLEEEEING.
  6246 | D:9      | 6246 ||| FLEEEEING.
  6247 | D:9      | 6247 ||| FLEEEEING.
  6248 | D:9      | 6248 ||| FLEEEEING.
  6249 | D:9      | 6249 ||| FLEEEEING.
  6250 | D:9      | 6250 ||| FLEEEEING.
  6251 | D:9      | 6251 ||| FLEEEEING.
  6252 | D:9      | 6252 ||| FLEEEEING.
  6253 | D:9      | 6253 ||| FLEEEEING.
  6254 | D:9      | 6254 ||| FLEEEEING.
  6255 | D:9      | 6255 ||| STAIRDANCE
  6279 | D:9      | 6279 ||| Stepping ~*~*~tactically~*~*~ (hiding).
  6281 | D:9      | 6281 ||| Stepping ~*~*~tactically~*~*~ (hiding).
  6282 | D:9      | 6282 ||| Stepping ~*~*~tactically~*~*~ (hiding).
  6283 | D:9      | 6283 ||| Stepping ~*~*~tactically~*~*~ (hiding).
  6284 | D:9      | 6284 ||| INVOKING Heroism.
  6297 | D:9      | Reached skill level 6 in Armour
  6365 | D:9      | Noticed Maurice
  6366 | D:9      | 6366 ||| Stepping ~*~*~tactically~*~*~ (hiding).
  6388 | D:9      | Killed Maurice
  6389 | D:9      | Reached skill level 10 in Axes
  6393 | D:9      | Reached *** piety under Okawaru
  6394 | D:9      | 6394 ||| INVOKING Heroism.
  6460 | D:9      | 6460 ||| INVOKING Heroism.
  6603 | D:9      | 6603 ||| Stepping ~*~*~tactically~*~*~ (hiding).
  6999 | D:9      | 6999 ||| UPGRADING to ring of protection from cold.
  7000 | D:9      | 7000 ||| READING 3 scrolls labelled GONIAPT HEOFIL.
  7041 | D:9      | 7041 ||| READING scroll labelled OKYC IFOCEUVU.
  7042 | D:9      | 7042 ||| DRINKING 2 blue potions.
  7095 | D:9      | 7095 ||| DROPPING 2 scrolls of torment.
  7131 | D:10     | Entered Level 10 of the Dungeon
  7131 | D:10     | Found a staircase to the Orcish Mines.
  7139 | D:10     | 7139 ||| INVOKING Heroism.
  7175 | D:10     | 7175 ||| INVOKING Heroism.
  7186 | D:10     | Reached skill level 11 in Axes
  7289 | D:10     | Noticed qw's ghost (journeyman GrFi)
  7361 | D:10     | Found a transporter.
  7366 | D:10     | Found a transporter.
  7397 | D:10     | 7397 ||| FLEEEEING.
  7412 | D:10     | 7412 ||| FLEEEEING.
  7413 | D:10     | 7413 ||| FLEEEEING.
  7425 | D:10     | 7425 ||| FLEEEEING.
  7426 | D:10     | 7426 ||| INVOKING Heroism.
  7435 | D:10     | Reached skill level 3 in Dodging
  7595 | D:10     | Noticed a death knight
  7595 | D:10     | Noticed a two-headed ogre
  7595 | D:10     | Noticed a centaur warrior
  7612 | D:10     | Reached XP level 11. HP: 63/68 MP: 14/14
  7620 | D:10     | Reached **** piety under Okawaru
  7632 | D:10     | Reached skill level 9 in Fighting
  7935 | D:10     | 7935 ||| READING 2 scrolls of identify.
  7935 | D:10     | 7935 ||| IDENTIFYING puce potion
  7936 | D:10     | 7936 ||| DROPPING potion of brilliance.
  8010 | D:11     | Noticed a death yak
  8010 | D:11     | Noticed a death yak
  8011 | D:11     | 8011 ||| INVOKING Heroism.
  8018 | D:11     | Noticed a death yak
  8035 | D:11     | Killed a death yak
  8035 | D:11     | Received a gift from Okawaru
  8036 | D:11     | HP: 3/71 [death yak (15)]
  8037 | D:11     | 8037 ||| READING 4 scrolls of teleportation.
  8037 | D:11     | HP: 1/71 [death yak (2)]
  8037 | D:11     | Mangled by a death yak

Levels and vault maps discovered:
D:1:      dreamdust_arrival_beginning_and_end, layout_loops_ring, eino_curves_04
D:2:      layout_rooms, kennysheep_generic_room_11
D:3:      layout_rooms, amcnicky_altar_gilded, minmay_misc_feat_rugged
D:4:      layout_loops_ring, minitemple, xom_butterflies, hellmonk_no_cap
D:5:      layout_basic, serial_shops, shop, uniq_blork_the_orc, uniq_duvessa
D:6:      layout_gridville, minmay_temple_entry_mini_moons,
          nicolae_ossuary_entry_plus, serial_bayou_pond_c
D:7:      layout_gridville, general_overflow_altar,
          mainiacjoe_overflow_six_doors_small, uniq_joseph
D:8:      layout_cave_pools, mainiacjoe_overflow_surrounded_room
D:9:      layout_irregular_city, uniq_maurice
D:10:     layout_small_grid, gammafunk_ghost_hive, lightli_corner_chamber
D:11:     layout_long_grid, dpeg_lair_monsters, uniq_josephine, uniq_erolcha,
          uniq_grum, uniq_gastronok
Temple:   bh_familiar_temple

Skill      XL: |  1  2  3  4  5  6  7  8  9 10 11 |
---------------+----------------------------------+-----
Axes           | 2 3 4 6 7 8 9 11 | 11.3
Dodging        | 1 2 3 |  3.4
Fighting       | 4 6 7 8 9 |  9.0
Throwing       | 1 |  1.1
Armour         | 5 7 |  7.0
Invocations    | 4 5 |  5.8
Shields        | 5 |  5.1

Action                     |  1- 3 |  4- 6 |  7- 9 | 10-12 || total
---------------------------+-------+-------+-------+-------++-------
  Melee: War axe           |   152 |   117 |   253 |   206 ||   728
  Throw: Boomerang         |       |    33 |    52 |    25 ||   110
 Invoke: Heroism           |       |       |     3 |     7 ||    10
    Use: Scroll            |     4 |     9 |     5 |     7 ||    25
         Potion            |       |       |     6 |     1 ||     7
 Armour: Scale mail        |    44 |       |       |       ||    44
         Chain mail        |    40 |    78 |   169 |   137 ||   424
  Dodge: Dodged            |    62 |    45 |   137 |   107 ||   351
  Block: Buckler           |    30 |    22 |    70 |    61 ||   183

Table legend:
 A = Non-vault XP
 B = Vault XP
 C = Vault XP percentage of total XP
 D = Non-vault monster count
 E = Vault monster count
 F = Vault count percentage of total count
                 A         B        C        D         E       F
            +---------+---------+-------+---------+---------+-------
      Total |    9727 |    2752 |  22.1 |     186 |      48 |  20.5
            +---------+---------+-------+---------+---------+-------
        D:1 |      45 |       0 |   0.0 |      28 |       0 |   0.0
        D:2 |      64 |       1 |   1.5 |      23 |       1 |   4.2
        D:3 |     107 |       0 |   0.0 |      22 |       0 |   0.0
        D:4 |      21 |     125 |  85.6 |       6 |       2 |  25.0
        D:5 |     233 |     310 |  57.1 |      12 |       3 |  20.0
        D:6 |     983 |       0 |   0.0 |      17 |       0 |   0.0
        D:7 |    1170 |     475 |  28.9 |      25 |       1 |   3.8
        D:8 |     776 |       0 |   0.0 |       8 |       0 |   0.0
        D:9 |    1275 |     496 |  28.0 |      18 |       1 |   5.3
       D:10 |    3691 |       0 |   0.0 |      21 |       0 |   0.0
       D:11 |    1362 |     807 |  37.2 |       6 |       1 |  14.3
    Ossuary |       0 |     538 | 100.0 |       0 |      39 | 100.0
            +---------+---------+-------+---------+---------+-------
